[Event "Titled Tuesday Blitz November 15 Late 2022"]
[White "Antonio, Jorge Carlos"]
[Black "Reprintsev, Alexander"]
[WhiteFideId "113190"]
[BlackFideId "14100541"]
[WhiteElo "2247"]
[BlackElo "2230"]
[Result "1/2-1/2"]
[Round "02"]
[TimeControl "180+1"]
[Date "2022.11.16"]
[WhiteClock "0:00:27"]
[BlackClock "0:00:11"]

1. d4 d5 2. Nf3 Nc6 3. Bf4 Bg4 4. e3 e6 5. Nc3 Bb4 6. Qd3 Bf5 7. Qb5 Ne7 8. Qxb7 O-O 9. Qxc7 Qxc7 10. Bxc7 Rfc8 11. Bg3 Na5 12. Kd2 Nc4+ 13. Bxc4 Rxc4 14. Ne5 Rcc8 15. a3 Bxc3+ 16. bxc3 f6 17. Nd3 Nc6 18. Rhb1 Na5 19. Rb5 Nc4+ 20. Ke2 a6 21. Rc5 g5 22. Rxc8+ Rxc8 23. a4 Na5 24. Nc5 Bxc2 25. Nxe6 Rxc3 26. Kd2 Rc6 27. Nc5 Bg6 28. Ke1 h5 29. h4 Rb6 30. Bc7 Nb3 31. Bxb6 Nxa1 32. Nxa6 Nb3 33. Nc5 Nxc5 34. dxc5 Kf7 35. a5 Bd3 36. c6 Ke7 37. c7 Kd7 38. Kd2 Ba6 39. g3 gxh4 40. gxh4 Kd6 41. Kc3 Ke5 42. f3 f5 43. Kd2 Kd6 44. Kc3 Ke5 45. Kb4 Kd6 46. Kc3 Ke5 1/2-1/2


[Site "https://www.chess.com"]

[Event "Titled Tuesday Blitz November 15 Late 2022"]
[White "Arnold, Ken"]
[Black "Hnydiuk, Aleksander"]
[WhiteFideId "2056836"]
[BlackFideId "1109057"]
[WhiteElo "2322"]
[BlackElo "2374"]
[Result "1-0"]
[Round "02"]
[TimeControl "180+1"]
[Date "2022.11.16"]
[WhiteClock "0:00:34"]
[BlackClock "0:00:01"]

1. d4 Nf6 2. c4 g6 3. Nf3 Bg7 4. Nc3 O-O 5. Bf4 d6 6. e3 Nc6 7. Be2 Bf5 8. O-O Ne4 9. Rc1 e5 10. dxe5 dxe5 11. Bg3 Nxg3 12. hxg3 h5 13. a3 e4 14. Nd2 Re8 15. Qc2 Qe7 16. Nd5 Qe5 17. Rfd1 Rad8 18. b4 Ne7 19. Nb3 c6 20. Nxe7+ Qxe7 21. c5 Be5 22. Rxd8 Qxd8 23. Rd1 Qg5 24. Nd4 Bd7 25. Bf1 Bb8 26. Ne2 Bg4 27. Rd4 Bf5 28. Qd2 h4 29. gxh4 Qxh4 30. g3 Qg5 31. Nf4 Qf6 32. Bg2 Be5 33. Rc4 Rd8 34. Qc2 g5 35. Ne2 Be6 36. Rd4 Bxd4 37. Nxd4 Bd5 38. Bxe4 Bxe4 39. Qxe4 Rd5 40. Qg4 Kg7 41. Qc8 1-0


[Site "https://www.chess.com"]

[Event "Titled Tuesday Blitz November 15 Late 2022"]
[White "Atanasov, Anthony"]
[Black "Rangel, Daniel"]
[WhiteFideId "2623897"]
[BlackFideId "2124475"]
[WhiteElo "2048"]
[BlackElo "2225"]
[Result "1-0"]
[Round "02"]
[TimeControl "180+1"]
[Date "2022.11.16"]
[WhiteClock "0:02:09"]
[BlackClock "0:00:01"]

1. d4 Nf6 2. Nc3 d5 3. Bf4 c6 4. Qd3 g6 5. Qg3 Na6 6. e3 Qa5 7. O-O-O Nb4 8. a3 Na6 9. Nf3 b5 10. Ne5 Qb6 11. Nxc6 Bd7 12. Ne5 b4 13. Nxd7 Nxd7 14. Nxd5 Qb7 15. Qf3 Kd8 16. Bxa6 Qxa6 17. Bc7+ Kc8 18. Qxf7 bxa3 19. Qe8+ Kb7 20. Qxd7 axb2+ 21. Kxb2 Qc6 22. Qxc6+ Kxc6 23. c4 e6 24. Be5 Rg8 25. Nf6 Rg7 26. d5+ Kc5 27. Ne4+ Kxc4 28. Rd4+ Kb5 29. Bxg7 Bxg7 30. dxe6 1-0


[Site "https://www.chess.com"]

[Event "Titled Tuesday Blitz November 15 Late 2022"]
[White "Averjanov, Alexey"]
[Black "Nugumanov, Bakhtiyar"]
[WhiteFideId "14109867"]
[BlackFideId "13701797"]
[WhiteElo "2615"]
[BlackElo "2287"]
[Result "1-0"]
[Round "02"]
[TimeControl "180+1"]
[Date "2022.11.16"]
[WhiteClock "0:01:58"]
[BlackClock "0:00:08"]

1. d4 Nf6 2. c4 g6 3. Nc3 Bg7 4. e4 d6 5. Be2 O-O 6. Nf3 e5 7. O-O Nc6 8. d5 Ne7 9. Ne1 Nd7 10. Be3 f5 11. f3 f4 12. Bf2 g5 13. a4 Ng6 14. a5 a6 15. Nd3 Nf6 16. c5 Rf7 17. cxd6 cxd6 18. Na4 g4 19. Nb6 g3 20. Nxa8 gxf2+ 21. Nxf2 Nh4 22. Nb6 Nh5 23. Nxc8 Qxc8 24. Rc1 Qd8 25. Qc2 Rf8 26. Qc7 Qg5 27. Ng4 Nf6 28. Qxd6 h5 29. Nxf6+ Rxf6 30. Qd8+ Kh7 31. Rf2 Qh6 32. Rc7 Ng6 33. Qxf6 1-0


[Site "https://www.chess.com"]

[Event "Titled Tuesday Blitz November 15 Late 2022"]
[White "Babazada, Khazar"]
[Black "Krishnan, Varun"]
[WhiteFideId "13413554"]
[BlackFideId "5054508"]
[WhiteElo "2359"]
[BlackElo "2556"]
[Result "1/2-1/2"]
[Round "02"]
[TimeControl "180+1"]
[Date "2022.11.16"]
[WhiteClock "0:00:17"]
[BlackClock "0:00:14"]

1. d4 d5 2. c4 c6 3. cxd5 cxd5 4. Nc3 Nf6 5. Bf4 a6 6. e3 Nc6 7. Nf3 e6 8. Bd3 Bd6 9. Bg3 O-O 10. O-O Re8 11. Rc1 e5 12. dxe5 Nxe5 13. Nxe5 Bxe5 14. Bxe5 Rxe5 15. Qa4 Qe7 16. Rfd1 Bf5 17. Bxf5 Rxf5 18. Rd4 Re8 19. Rcd1 Rd8 20. h3 h6 21. e4 Rf4 22. exd5 Rxd4 23. Qxd4 Qd6 24. Ne4 Nxe4 25. Qxe4 Rc8 26. g3 g6 27. Kg2 Rc5 28. Qe8+ Kg7 29. Qe4 b5 30. Qb4 Qc7 31. d6 Qc6+ 32. Kg1 Rd5 33. Rxd5 Qxd5 34. Qc3+ Kh7 35. Qf6 Qd1+ 36. Kg2 Qd5+ 37. Kh2 a5 38. Qe7 Qf3 39. Qe3 Qd5 40. Qf4 b4 41. b3 h5 42. Qf6 Kg8 43. h4 Kh7 44. Kg1 Qd1+ 45. Kg2 Qd5+ 46. Qf3 Qxd6 47. Qxf7+ Kh8 48. Qe8+ Kg7 49. Qb5 Qc7 50. Qd5 Qa7 51. Qe5+ Kf7 52. Qd5+ Kg7 53. Kf3 Qc7 54. Ke4 Qc2+ 55. Ke5 Qxa2 56. Qd7+ Kh6 57. Qd3 Qxf2 58. Kd5 Qf5+ 59. Qxf5 gxf5 60. Kc5 Kg6 61. Kb5 f4 62. gxf4 Kf5 63. Kxa5 Kxf4 64. Kxb4 Kg4 65. Ka4 Kxh4 66. b4 Kg3 67. b5 h4 68. b6 h3 69. b7 h2 70. b8=Q+ Kg2 71. Qb7+ Kg1 72. Qb1+ Kg2 73. Qc2+ Kg1 74. Qd1+ Kg2 75. Qe2+ Kg1 76. Qg4+ Kh1 77. Qf4 Kg2 78. Qe4+ Kg1 79. Qg4+ Kh1 1/2-1/2


[Site "https://www.chess.com"]

[Event "Titled Tuesday Blitz November 15 Late 2022"]
[White "Barria Zuniga, Daniel"]
[Black "Gorodetzky, David"]
[WhiteFideId "3400816"]
[BlackFideId "2813416"]
[WhiteElo "2414"]
[BlackElo "2497"]
[Result "1/2-1/2"]
[Round "02"]
[TimeControl "180+1"]
[Date "2022.11.16"]
[WhiteClock "0:00:20"]
[BlackClock "0:00:07"]

1. c4 Nf6 2. d4 e6 3. Nf3 d5 4. Nc3 c5 5. Bg5 cxd4 6. Qxd4 Nc6 7. Bxf6 gxf6 8. Qh4 d4 9. O-O-O e5 10. e3 Bc5 11. Nd5 h5 12. Qxf6 Qxf6 13. Nxf6+ Kf8 14. Ne4 Bb6 15. c5 f5 16. cxb6 fxe4 17. Ng5 axb6 18. Nxe4 Rxa2 19. Bc4 Ra1+ 20. Kd2 Ra4 21. Bd3 Rb4 22. exd4 Nxd4 23. Rhf1 Rxb2+ 24. Kc1 Ra2 25. f4 Bg4 26. Rde1 Ke7 27. Nc3 Rc8 28. Rxe5+ Kf7 29. Kb1 Ra3 30. Ne4 Rxd3 31. Nd6+ Kf6 32. Nxc8 Bxc8 33. Rxh5 Bf5 34. Kc1 b5 35. h3 b4 36. g4 Rc3+ 37. Kd1 Be4 38. Rh6+ Kg7 39. Rb6 b3 40. f5 Bc6 41. Rf4 Nb5 42. Rb4 Rxh3 43. R4xb5 Bxb5 44. Rxb7+ Kf6 45. Rxb5 Rg3 46. Kc1 Rxg4 47. Kb2 Rf4 48. Kxb3 Rxf5 49. Rxf5+ Kxf5 1/2-1/2


[Site "https://www.chess.com"]

[Event "Titled Tuesday Blitz November 15 Late 2022"]
[White "Beerdsen, Thomas"]
[Black "Can, Melih Kaan"]
[WhiteFideId "1030108"]
[BlackFideId "6317383"]
[WhiteElo "2567"]
[BlackElo "2010"]
[Result "1-0"]
[Round "02"]
[TimeControl "180+1"]
[Date "2022.11.16"]
[WhiteClock "0:01:47"]
[BlackClock "0:00:04"]

1. e4 c5 2. Nf3 Nc6 3. Bc4 Nf6 4. e5 Ng4 5. Bxf7+ Kxf7 6. Ng5+ Ke8 7. Qxg4 Nxe5 8. Qg3 d6 9. Nc3 Bf5 10. d3 Qd7 11. O-O e6 12. Re1 h6 13. Nge4 Nc6 14. Bf4 Rd8 15. Nd5 e5 16. Nef6+ gxf6 17. Nxf6+ Kf7 18. Nxd7 Rxd7 19. Bd2 Be7 20. f4 Rg8 21. Qf2 Bh3 22. g3 Kg6 23. Bc3 Bf6 24. fxe5 Nxe5 25. Re4 Rf8 26. Rf4 Rdf7 27. Re1 Bg5 28. Bxe5 dxe5 29. Rxf7 Rxf7 30. Qxc5 Bd2 31. Qxe5 Bxe1 32. Qxe1 h5 33. d4 Bg4 34. Qe4+ Kf6 35. h3 Re7 36. Qxe7+ 1-0


[Site "https://www.chess.com"]

[Event "Titled Tuesday Blitz November 15 Late 2022"]
[White "Bortnyk, Olexandr"]
[Black "Tristan, Leonardo"]
[WhiteFideId "14120828"]
[BlackFideId "113816"]
[WhiteElo "2723"]
[BlackElo "2461"]
[Result "1/2-1/2"]
[Round "02"]
[TimeControl "180+1"]
[Date "2022.11.15"]
[WhiteClock "0:00:04"]
[BlackClock "0:00:44"]

1. e4 d5 2. exd5 Qxd5 3. Nc3 Qa5 4. Nf3 Nf6 5. Be2 Bf5 6. b4 Qb6 7. a4 c6 8. a5 Qc7 9. b5 e6 10. O-O Bb4 11. Ba3 Bxa3 12. Rxa3 O-O 13. h3 Rd8 14. Qa1 Nbd7 15. Qb2 cxb5 16. Bxb5 Nc5 17. d3 h6 18. Re1 Rac8 19. Bc4 Bg6 20. Ne5 Bh7 21. Nb5 Qb8 22. Re3 a6 23. Nd4 Qd6 24. Ne2 Nfd7 25. Nf3 Nf6 26. Ne5 Nfd7 27. Ra1 Nxe5 28. Rxe5 Rb8 29. Re3 Nd7 30. Rg3 Qe5 31. Qxe5 Nxe5 32. Bb3 Nc6 33. Re3 Nd4 34. Nxd4 Rxd4 35. g4 Rb4 36. Kg2 Rd8 37. Kg3 Rd7 38. Bc4 Rc7 39. f4 Bg6 40. Re5 Rb2 41. f5 exf5 42. gxf5 Bh5 43. Bb3 Kh7 44. f6 g5 45. Rf1 Rc3 46. Re7 Rbxb3 47. cxb3 Rxd3+ 48. Kg2 Rxb3 49. Rf2 Rb5 50. Rd2 Kg6 51. Rd6 Rxa5 52. Rxb7 Ra2+ 53. Kg1 Ra1+ 54. Kf2 Ra2+ 55. Kg1 Ra1+ 56. Kh2 Ra2+ 57. Kg1 1/2-1/2


[Site "https://www.chess.com"]

[Event "Titled Tuesday Blitz November 15 Late 2022"]
[White "Brown, Andrew"]
[Black "Harshavardhan G B"]
[WhiteFideId "3206513"]
[BlackFideId "25059009"]
[WhiteElo "2245"]
[BlackElo "2333"]
[Result "0-1"]
[Round "02"]
[TimeControl "180+1"]
[Date "2022.11.16"]
[WhiteClock "0:00:02"]
[BlackClock "0:00:07"]

1. d4 e6 2. c4 d5 3. Nc3 Nf6 4. g3 dxc4 5. Bg2 Nc6 6. Nf3 Rb8 7. O-O b5 8. Bf4 b4 9. Na4 Be7 10. Rc1 Na5 11. Ne5 Nd5 12. Nxc4 Nxc4 13. Rxc4 Ba6 14. Bxd5 Qxd5 15. Rxc7 Rd8 16. Qc2 Bb7 17. f3 Bf6 18. e3 O-O 19. b3 Rc8 20. Rc5 Rxc5 21. Qxc5 Rc8 22. Qxd5 Bxd5 23. Nc5 Be7 24. e4 Bc6 25. Be3 Bb5 26. Rc1 g5 27. Kf2 a5 28. Nd3 Rd8 29. Ne5 Bf6 30. f4 gxf4 31. gxf4 a4 32. Rg1+ Kf8 33. Rc1 axb3 34. axb3 Ra8 35. Rc5 Be8 36. Kf3 Ra3 37. Ng4 Be7 38. Rc8 Rxb3 39. f5 exf5 40. exf5 Bg5 41. Ke4 Bxe3 42. Nxe3 Ke7 43. f6+ Kd7 44. Ra8 Rb1 45. Ra7+ Kc6 46. d5+ Kb6 47. Re7 Bb5 48. d6 b3 49. Nd5+ Kc5 50. Rc7+ Kxd6 51. Rxf7 Re1+ 52. Ne3 b2 53. Kf3 b1=Q 0-1


[Site "https://www.chess.com"]

[Event "Titled Tuesday Blitz November 15 Late 2022"]
[White "Buchenau, Frank"]
[Black "Sohal, Tanraj"]
[WhiteFideId "4604350"]
[BlackFideId "2608499"]
[WhiteElo "2157"]
[BlackElo "2200"]
[Result "1/2-1/2"]
[Round "02"]
[TimeControl "180+1"]
[Date "2022.11.16"]
[WhiteClock "0:00:17"]
[BlackClock "0:00:18"]

1. e4 d5 2. exd5 Qxd5 3. Nc3 Qd8 4. d4 Nf6 5. Nf3 g6 6. Bc4 Bg7 7. O-O O-O 8. Re1 Bg4 9. h3 Bxf3 10. Qxf3 Nc6 11. d5 Na5 12. Bf1 b6 13. Bf4 Nb7 14. Rad1 Nd6 15. Nb5 Nh5 16. Bg5 Bf6 17. Bh6 Bg7 18. Bxg7 Nxg7 19. Nd4 Ngf5 20. Nc6 Qd7 21. g4 Ng7 22. Rxe7 Qc8 23. Qf6 Nde8 24. Qe5 Kh8 25. c4 Qa6 26. c5 Qxa2 27. d6 Qa4 28. b3 Qxc6 29. Bg2 Qxc5 30. Qxc5 bxc5 31. Bxa8 Nxd6 32. Rxc7 Nb5 33. Rxc5 Rxa8 34. Rxb5 Ne6 35. Rd7 Kg7 36. Rbb7 Rf8 37. Rxa7 Nc5 38. Rdc7 Nxb3 39. f4 Nd4 40. Rc4 Ne6 41. Kf2 Rb8 42. f5 Rb2+ 43. Kg3 Rb3+ 44. Kg2 Rb2+ 45. Kg3 Rb3+ 46. Kg2 Rb2+ 47. Kg3 1/2-1/2


[Site "https://www.chess.com"]

[Event "Titled Tuesday Blitz November 15 Late 2022"]
[White "Bulgurlu, Okan"]
[Black "Kirillov, Dmitry"]
[WhiteFideId "6352316"]
[BlackFideId "34180572"]
[WhiteElo "2257"]
[BlackElo "2095"]
[Result "0-1"]
[Round "02"]
[TimeControl "180+1"]
[Date "2022.11.16"]
[WhiteClock "0:00:09"]
[BlackClock "0:00:29"]

1. Nf3 Nf6 2. c4 e6 3. b3 d5 4. e3 c5 5. Bb2 Nc6 6. Be2 d4 7. d3 e5 8. e4 Be7 9. Nbd2 O-O 10. O-O h6 11. a3 a5 12. b4 axb4 13. axb4 Rxa1 14. Qxa1 Nxb4 15. Nxe5 Qc7 16. Nef3 b6 17. Rb1 Bb7 18. Qa4 Bc6 19. Qb3 Ra8 20. Ba3 Ba4 21. Qb2 Bc2 22. Bxb4 Bxb1 23. Bxc5 bxc5 24. Qxb1 Nd7 25. g3 Rb8 26. Qa2 Qb6 27. Kg2 Bd6 28. Qa4 Ne5 29. Nxe5 Bxe5 30. f4 Qb2 31. Qd1 Qa2 32. fxe5 Rb2 33. Kf2 Rxd2 34. Qe1 Kf8 35. Kf3 Ke7 36. Bf1 Rxh2 37. g4 Qd2 38. Qxd2 Rxd2 39. Be2 Rxe2 40. Kxe2 Ke6 0-1


[Site "https://www.chess.com"]

[Event "Titled Tuesday Blitz November 15 Late 2022"]
[White "Claverie, Christophe"]
[Black "Eljanov, Pavel"]
[WhiteFideId "605514"]
[BlackFideId "14102951"]
[WhiteElo "2300"]
[BlackElo "2601"]
[Result "0-1"]
[Round "02"]
[TimeControl "180+1"]
[Date "2022.11.16"]
[WhiteClock "0:00:57"]
[BlackClock "0:01:04"]

1. d4 d5 2. Nf3 Nf6 3. Bf4 c5 4. c3 Qb6 5. Qb3 Nc6 6. e3 c4 7. Qc2 Bf5 8. Qc1 e6 9. Nh4 Qd8 10. Nxf5 exf5 11. b3 b5 12. a4 a6 13. Nd2 Be7 14. Be2 O-O 15. O-O Qd7 16. Qc2 g6 17. Rfb1 Bd6 18. axb5 axb5 19. bxc4 bxc4 20. Bxd6 Qxd6 21. h3 h5 22. Qb2 Rfb8 23. Rxa8 Rxa8 24. Qc1 Qa3 25. Qc2 Ne4 26. Nxe4 fxe4 27. Rb6 Ne7 28. Rb7 Nf5 29. Kh2 Qd6+ 30. Kg1 Ra1+ 31. Rb1 Qa6 32. Kh2 Kg7 33. Qb2 Ra2 34. Qb8 Rxe2 0-1


[Site "https://www.chess.com"]

[Event "Titled Tuesday Blitz November 15 Late 2022"]
[White "Clawitter, Craig"]
[Black "Pham, Khoi"]
[WhiteFideId "2023105"]
[BlackFideId "1054988"]
[WhiteElo "2213"]
[BlackElo "2470"]
[Result "1-0"]
[Round "02"]
[TimeControl "180+1"]
[Date "2022.11.16"]
[WhiteClock "0:00:18"]
[BlackClock "0:01:47"]

1. e4 c5 2. Nf3 e6 3. d4 cxd4 4. Nxd4 Nf6 5. Nc3 Nc6 6. Ndb5 Bc5 7. Bf4 e5 8. Bg5 O-O 9. Nd5 d6 10. Bxf6 gxf6 11. Qf3 f5 12. exf5 e4 13. Qg3+ Kh8 14. O-O-O Bxf5 15. Ne3 Be6 16. Nxd6 Rg8 17. Nxf7+ Bxf7 18. Rxd8 Raxd8 19. Qf4 Bxa2 20. Qf6+ Rg7 21. Nf5 Bd4 22. Nxd4 Rxd4 23. b3 Kg8 24. Bc4+ Kh8 25. Qf8+ Rg8 26. Qxg8# 1-0


[Site "https://www.chess.com"]

[Event "Titled Tuesday Blitz November 15 Late 2022"]
[White "Coleman, Maxx"]
[Black "Zhigalko, Sergei"]
[WhiteFideId "2027119"]
[BlackFideId "13502956"]
[WhiteElo "2278"]
[BlackElo "2662"]
[Result "0-1"]
[Round "02"]
[TimeControl "180+1"]
[Date "2022.11.16"]
[WhiteClock "0:00:14"]
[BlackClock "0:00:58"]

1. Nf3 d5 2. c4 d4 3. b4 Bg4 4. e3 e5 5. h3 Bxf3 6. Qxf3 Nf6 7. exd4 exd4 8. a3 Nbd7 9. Qxb7 a5 10. Bb2 axb4 11. axb4 Rb8 12. Qf3 Bxb4 13. Ba3 O-O 14. Be2 Ne5 15. Qg3 d3 16. Bxb4 Rxb4 17. Qxe5 Re8 18. Qc3 Rxe2+ 19. Kf1 c5 20. Kg1 h6 21. g3 Ne4 22. Qa3 Nxf2 0-1


[Site "https://www.chess.com"]

[Event "Titled Tuesday Blitz November 15 Late 2022"]
[White "Czernek, Tymon"]
[Black "Avila Rodriguez, Joshua Ad"]
[WhiteFideId "1199510"]
[BlackFideId "5126444"]
[WhiteElo "2185"]
[BlackElo "2125"]
[Result "0-1"]
[Round "02"]
[TimeControl "180+1"]
[Date "2022.11.16"]
[WhiteClock "0:00:53"]
[BlackClock "0:00:49"]

1. e4 c5 2. Nf3 d6 3. d4 cxd4 4. Nxd4 Nf6 5. Nc3 a6 6. Bc4 e6 7. O-O b5 8. Bb3 Be7 9. Qf3 Qb6 10. Be3 Qb7 11. Qg3 b4 12. Na4 Nbd7 13. f3 O-O 14. Rfd1 Kh8 15. Rac1 Ne5 16. Nb6 Rb8 17. Nxc8 Rfxc8 18. Qf2 a5 19. g4 Qa6 20. Ba4 Nc4 21. Qe2 Qa8 22. Bf2 Nxb2 23. e5 dxe5 24. Qxe5 Nxa4 25. g5 Nd5 26. Nf5 exf5 27. Rxd5 Bxg5 28. Bd4 Bf6 29. Qxf5 Bxd4+ 30. Rxd4 Nc3 31. Re1 Re8 32. Rxe8+ Rxe8 33. Qxf7 Rf8 34. Qe7 Qxf3 0-1


[Site "https://www.chess.com"]

[Event "Titled Tuesday Blitz November 15 Late 2022"]
[White "Djokic, Mihailo"]
[Black "Bogaudinov, Rushan"]
[WhiteFideId "976440"]
[BlackFideId "4129288"]
[WhiteElo "2315"]
[BlackElo "1997"]
[Result "1/2-1/2"]
[Round "02"]
[TimeControl "180+1"]
[Date "2022.11.16"]
[WhiteClock "0:00:04"]
[BlackClock "0:00:08"]

1. e4 c5 2. Nf3 d6 3. d4 cxd4 4. Nxd4 Nf6 5. Nc3 a6 6. Rg1 b5 7. g4 Bb7 8. g5 Nxe4 9. Nxe4 Bxe4 10. Qg4 Bb7 11. Bg2 Bxg2 12. Qxg2 d5 13. Bf4 e6 14. O-O-O Bd6 15. Bxd6 Qxd6 16. Rge1 O-O 17. Kb1 Nc6 18. Ne2 Rac8 19. h4 Nb4 20. Nd4 Qc5 21. c3 Nc6 22. Nb3 Qb6 23. h5 a5 24. g6 a4 25. gxh7+ Kxh7 26. Rg1 Rg8 27. Rd3 Ne7 28. Qg6+ Kh8 29. Qxf7 axb3 30. Qxe7 Qxf2 31. Rc1 Qf5 32. Rd1 b4 33. Qxb4 bxa2+ 34. Ka1 Rc4 35. Qe7 Rf4 36. h6 gxh6 37. Kxa2 Ra8+ 38. Kb3 Rb8+ 39. Ka2 Rf2 40. R3d2 Ra8+ 41. Kb3 Qe4 42. Qb4 Qxb4+ 43. Kxb4 Rb8+ 44. Kc5 Rf6 45. b4 Rc8+ 46. Kd4 Rf4+ 47. Ke5 Re4+ 48. Kf6 Rxc3 49. Rh2 Kh7 50. Rdh1 Rf3+ 51. Ke7 Kg6 52. Rxh6+ Kf5 53. R1h5+ Kf4 54. Rf6+ Ke3 55. Rxe6 Rxe6+ 56. Kxe6 d4 57. b5 d3 58. b6 d2 59. Rd5 Rf8 60. Re5+ Kd3 61. Rd5+ Kc2 62. Kd7 Rb8 63. Kc7 Rxb6 64. Kxb6 d1=Q 65. Rxd1 Kxd1 1/2-1/2


[Site "https://www.chess.com"]

[Event "Titled Tuesday Blitz November 15 Late 2022"]
[White "Do Nascimento,Christian Almeida"]
[Black "Hoffmann, Asa"]
[WhiteFideId "2143801"]
[BlackFideId "2001470"]
[WhiteElo "2079"]
[BlackElo "2117"]
[Result "0-1"]
[Round "02"]
[TimeControl "180+1"]
[Date "2022.11.16"]
[WhiteClock "0:00:06"]
[BlackClock "0:00:19"]

1. e4 d6 2. d4 Nf6 3. Nc3 c6 4. Nf3 Bg4 5. a4 e6 6. h3 Bh5 7. Bd3 d5 8. e5 Nfd7 9. O-O c5 10. dxc5 Nc6 11. Bf4 Bxc5 12. Qe2 Nd4 13. Qd1 Nxf3+ 14. gxf3 Qh4 15. Be3 d4 16. Ne4 dxe3 17. Bb5 exf2+ 18. Kg2 O-O 19. Bxd7 Qxe4 20. fxe4 Bxd1 21. Raxd1 Rfd8 22. Bb5 a6 23. Be2 Kf8 24. c3 a5 25. Bb5 Ke7 26. Kf3 Rxd1 27. Rxd1 Rd8 28. Rxd8 Kxd8 29. Ke2 Ke7 30. h4 f6 31. exf6+ Kxf6 32. Kf3 Ke5 33. Bf1 g6 34. Bg2 h6 35. Kg4 Be3 36. Kf3 Bc1 37. b4 Bd2 38. b5 Bxc3 39. Kxf2 Kf4 40. Ke2 b6 41. Bf3 Kg3 42. h5 g5 43. Ke3 g4 44. Be2 Be5 45. Bd1 Kh4 46. Be2 Kxh5 47. Bd1 Kg5 48. Kf2 h5 49. Ke3 h4 50. Be2 h3 51. Kf2 g3+ 52. Kf3 g2 0-1


[Site "https://www.chess.com"]

[Event "Titled Tuesday Blitz November 15 Late 2022"]
[White "Dzierzak, Radoslaw"]
[Black "Bernat, David"]
[WhiteFideId "1161407"]
[BlackFideId "2099225"]
[WhiteElo "2111"]
[BlackElo "2347"]
[Result "1-0"]
[Round "02"]
[TimeControl "180+1"]
[Date "2022.11.16"]
[WhiteClock "0:02:16"]
[BlackClock "0:02:18"]

1. e4 c5 2. Nf3 g6 3. Bc4 Bg7 4. O-O e6 5. c3 Ne7 6. d4 cxd4 7. Nxd4 O-O 8. Bf4 e5 9. Bg3 exd4 10. cxd4 d5 11. exd5 Nxd5 12. Nc3 Nxc3 13. bxc3 Qc7 14. Bxc7 Nc6 15. Qf3 h5 16. h3 Bd7 17. Bd6 1-0


[Site "https://www.chess.com"]

[Event "Titled Tuesday Blitz November 15 Late 2022"]
[White "Espinosa, Pedro"]
[Black "Kaganskiy, Gleb"]
[WhiteFideId "30921066"]
[BlackFideId "4132025"]
[WhiteElo "2016"]
[BlackElo "2165"]
[Result "1-0"]
[Round "02"]
[TimeControl "180+1"]
[Date "2022.11.16"]
[WhiteClock "0:00:45"]
[BlackClock "0:00:06"]

1. d4 Nf6 2. c4 e6 3. Nf3 d5 4. Nc3 c5 5. cxd5 cxd4 6. Qxd4 exd5 7. Bg5 Be7 8. e3 O-O 9. Qa4 Nc6 10. Bb5 Bg4 11. Bxf6 Bxf6 12. Qxg4 Qa5 13. Qa4 Bxc3+ 14. bxc3 Qxc3+ 15. Ke2 Qb2+ 16. Nd2 Rac8 17. Rab1 Qf6 18. Bxc6 bxc6 19. Qd4 Qg6 20. h4 c5 21. Qd3 Qg4+ 22. Nf3 d4 23. Rh3 dxe3 24. Rg3 Qa4 25. fxe3 Rfd8 26. Qc3 Qxa2+ 27. Rb2 Qe6 28. Qxg7# 1-0


[Site "https://www.chess.com"]

[Event "Titled Tuesday Blitz November 15 Late 2022"]
[White "Estrada Nieto, Julian"]
[Black "Player, Edmund C"]
[WhiteFideId "5101018"]
[BlackFideId "406520"]
[WhiteElo "2221"]
[BlackElo "2103"]
[Result "1-0"]
[Round "02"]
[TimeControl "180+1"]
[Date "2022.11.16"]
[WhiteClock "0:00:34"]
[BlackClock "0:00:22"]

1. e4 e5 2. Nf3 Nc6 3. Bb5 a6 4. Ba4 Nf6 5. O-O Nxe4 6. d4 d5 7. Nxe5 Bd7 8. Bxc6 bxc6 9. Re1 Be7 10. Qe2 O-O 11. Nd2 f5 12. Ndf3 Bd6 13. Bf4 Be8 14. Nd3 Bh5 15. Qe3 Qf6 16. Be5 Bxe5 17. Nfxe5 Rae8 18. Nd7 Qd6 19. Nxf8 Rxf8 20. Qf4 Qf6 21. Qe5 Qh4 22. f3 Nd6 23. Qf4 Qf6 24. Re2 Nc4 25. b3 g5 26. Qc1 Qxd4+ 27. Kh1 Nd6 28. Qxg5+ Bg6 29. Rae1 Nf7 30. Qf4 Qf6 31. Ne5 Nd8 32. Nd7 Qg7 33. Nxf8 Qxf8 34. Qxc7 Nf7 35. Re8 1-0


[Site "https://www.chess.com"]

[Event "Titled Tuesday Blitz November 15 Late 2022"]
[White "Fernandez De La Vara, Arnaldo"]
[Black "Firouzja, Alireza"]
[WhiteFideId "3518388"]
[BlackFideId "12573981"]
[WhiteElo "2387"]
[BlackElo "2903"]
[Result "0-1"]
[Round "02"]
[TimeControl "180+1"]
[Date "2022.11.15"]
[WhiteClock "0:00:01"]
[BlackClock "0:00:40"]

1. Nf3 Nf6 2. b3 g6 3. Bb2 Bg7 4. g3 O-O 5. Bg2 d6 6. d4 Nbd7 7. O-O c6 8. c3 e5 9. Nfd2 Re8 10. e4 d5 11. exd5 cxd5 12. c4 exd4 13. Bxd4 Ne5 14. Nc3 Bg4 15. Nf3 Bxf3 16. Bxf3 Nxf3+ 17. Qxf3 dxc4 18. Rad1 cxb3 19. axb3 b6 20. Nb5 Qd7 21. Bxf6 Qxb5 22. Rd5 Qc6 23. Bxg7 Kxg7 24. Rfd1 Rad8 25. Kg2 Rxd5 26. Rxd5 Re6 27. b4 Rf6 28. Qe4 Qc3 29. Rd8 Qb2 30. Qe3 Re6 31. Qd3 Qxb4 32. Rd7 a5 33. Qf3 Rf6 34. Qd5 Qb2 35. Kh3 Qxf2 36. Rd8 Qf5+ 37. Qxf5 Rxf5 0-1


[Site "https://www.chess.com"]

[Event "Titled Tuesday Blitz November 15 Late 2022"]
[White "Fernandez Guillen, Ernesto J."]
[Black "Onslow, Alfie"]
[WhiteFideId "3512428"]
[BlackFideId "436976"]
[WhiteElo "2450"]
[BlackElo "2015"]
[Result "1-0"]
[Round "02"]
[TimeControl "180+1"]
[Date "2022.11.16"]
[WhiteClock "0:01:13"]
[BlackClock "0:00:38"]

1. e4 g6 2. d4 Bg7 3. Nc3 c6 4. h4 h5 5. Bg5 d5 6. e5 Nh6 7. Bd3 Bf5 8. Nce2 Bxd3 9. Qxd3 Qa5+ 10. c3 Qa6 11. Qc2 e6 12. Nf3 Nf5 13. O-O Nd7 14. Nf4 b6 15. a4 Bh6 16. Bxh6 Rxh6 17. a5 Qb7 18. b4 Kf8 19. g3 Kg7 20. Rfb1 Rhh8 21. Ng5 Rhe8 22. Qe2 Qc7 23. g4 Nxh4 24. gxh5 Qd8 25. h6+ Kg8 26. h7+ Kg7 27. h8=Q+ Rxh8 28. Nfxe6+ fxe6 29. Nxe6+ Kf7 30. Nxd8+ Raxd8 31. e6+ 1-0


[Site "https://www.chess.com"]

[Event "Titled Tuesday Blitz November 15 Late 2022"]
[White "Fernandez Siles, Luis"]
[Black "Manukyan, Sargis A."]
[WhiteFideId "2209420"]
[BlackFideId "13303970"]
[WhiteElo "2186"]
[BlackElo "2187"]
[Result "0-1"]
[Round "02"]
[TimeControl "180+1"]
[Date "2022.11.16"]
[WhiteClock "0:00:01"]
[BlackClock "0:00:06"]

1. d4 Nf6 2. c4 c5 3. d5 b5 4. cxb5 a6 5. bxa6 e6 6. Nc3 exd5 7. Nxd5 Nxa6 8. Bg5 Be7 9. Nxe7 Qxe7 10. Nf3 Rb8 11. e3 Rxb2 12. Bc4 h6 13. Bf4 d5 14. Bb3 c4 15. Ba4+ Bd7 16. Bxd7+ Qxd7 17. Be5 Rb6 18. O-O O-O 19. Nd4 Nc5 20. Rb1 Rxb1 21. Qxb1 Nfe4 22. Qd1 Nd3 23. f3 Nc3 24. Qc2 Nxa2 25. Bxg7 Nab4 26. Qc3 Ra8 27. Ne2 d4 28. Bxd4 Ra2 29. Ng3 Rc2 30. Qa3 h5 31. Qa8+ Kh7 32. Qe4+ f5 33. Nxf5 Rxg2+ 0-1


[Site "https://www.chess.com"]